 Dungeon Crawl Stone Soup version 0.27.0-1-g7a089689b8 (webtiles) character file.

Game seed: 5760201516716533617

50 Malachi the Sneak (level 3, 0/24 HPs)
             Began as a Vampire Enchanter on Aug 13, 2021.
             Was a Follower of Kikubaaqudgha.
             Slain by an orc (3 damage)
             ... on level 3 of the Dungeon.
             The game lasted 00:03:07 (1568 turns).

Malachi the Sneak (Vampire Enchanter)               Turns: 1568, Time: 00:03:07

Health: 0/24       AC:  2    Str:  7    XL:     3   Next: 55%
Magic:  0/6        EV: 13    Int: 18    God:    Kikubaaqudgha [*.....]
Gold:   96         SH:  0    Dex: 14    Spells: 3/6 levels left

rFire    . . .     SeeInvis +   a - +1 dagger
rCold    . . .     Faith    .   (no shield)
rNeg     . . .     Spirit   .   b - +0 robe
rPois    .         Reflect  .   (no helmet)
rElec    .         Harm     .   (no cloak)
rCorr    .         Rampage  .   (no gloves)
Will     .....                  (no boots)
Stlth    +++.......             (no amulet)
HPRegen  0.28/turn              (no ring)
MPRegen  0.10/turn              (no ring)

@: healing quickly
A: alive, fangs 3, see invisible, vampiric 2
a: Exsanguinate, Renounce Religion, Receive Corpses


You were on level 3 of the Dungeon.
You worshipped Kikubaaqudgha.
Kikubaaqudgha was aware of your devotion.
You visited 1 branch of the dungeon, and saw 4 of its levels.

You collected 96 gold pieces.

Inventory:

Hand Weapons
 a - a +1 dagger (weapon)
Armour
 b - a +0 robe (worn)
Scrolls
 c - a scroll of identify {unknown}
 d - a scroll of teleportation {unknown}
 e - a scroll of fog {unknown}


   Skills:
 + Level 1.7 Short Blades
 + Level 2.9 Dodging
 * Level 5.3 Stealth
 + Level 2.1 Spellcasting
 + Level 5.0 Hexes


You had 3 spell levels left.
You knew the following spells:

 Your Spells              Type           Power      Damage    Failure   Level
a - Corona                Hex            22%        N/A       2%          1
b - Ensorcelled Hibernat  Hex/Ice        22%        N/A       10%         2

Your spell library contained the following spells:

 Spells                   Type           Power      Damage    Failure   Level
 Confusing Touch          Hex            20%        N/A       7%          3
 Tukima's Dance           Hex            20%        N/A       7%          3
 Animate Skeleton         Necr           2%         N/A       19%         1
 Beastly Appendage        Tmut           2%         N/A       19%         1
 Pain                     Necr           4%         1d4       19%         1
 Dazzling Flash           Conj/Hex       22%        N/A       19%         3
 Corpse Rot               Necr/Air       N/A        N/A       26%         2
 Wereblood                Tmut           1%         N/A       26%         2
 Spider Form              Tmut/Pois      0%         N/A       47%         3
 Vampiric Draining        Necr           0%         2d6       47%         3


Dungeon Overview and Level Annotations

Branches:
Dungeon (4/15)
 Temple: D:4-7

Altars:
Kikubaaqudgha

Shops:
D:4 [


Innate Abilities, Weirdness & Mutations

Your natural rate of healing is accelerated.
You have razor-sharp teeth.
You have supernaturally acute eyesight. (SInv)
You are afflicted with vampirism and can become a bat while bloodless.


Message History

The orc resists with significant effort.
The orc hits you with a +0 hand axe.
You completely miss the orc. The orc hits you with a +0 hand axe.
Casting: Ensorcelled Hibernation (safe; 10% risk of failure)
Confirm with . or Enter, or press ? or * to list all spells.
Aiming: Ensorcelled Hibernation (safe; 10% risk of failure)
Press: ? - help, Shift-Dir - straight line, f/p - orc
Aim: an orc, wielding a +0 hand axe and wearing a +0 leather armour (chance to affect: 60%)
The orc resists with significant effort.
The orc misses you.
Unknown command.
You are too injured to fight recklessly!
The orc misses you. The orc completely misses you.
Casting: Ensorcelled Hibernation (safe; 10% risk of failure)
Confirm with . or Enter, or press ? or * to list all spells.
Aiming: Ensorcelled Hibernation (safe; 10% risk of failure)
Press: ? - help, Shift-Dir - straight line, f/p - orc
Aim: an orc, wielding a +0 hand axe and wearing a +0 leather armour (chance to affect: 60%)
The orc resists with significant effort.
The orc barely misses you.
You hit the orc.
The orc is moderately wounded.
The orc hits you with a +0 hand axe.
You hit the orc but do no damage. You bite the orc, but do no damage.
The orc is moderately wounded.
The orc barely misses you.
You hit the orc.
The orc is heavily wounded.
The orc hits you with a +0 hand axe.
* * * LOW HITPOINT WARNING * * *
You hit the orc but do no damage.
The orc is heavily wounded.
The orc hits you with a +0 hand axe.
* * * LOW HITPOINT WARNING * * *
You hit the orc but do no damage.
The orc is heavily wounded.
The orc hits you with a +0 hand axe.
You die...
Kikubaaqudgha rasps: "You have failed me!
Welcome... death!"

#..# #..#
#..# #.>#
########..#
..........#
#########.#
########.#
#.@o..##.#
#####.##.#
####...#.#
#........#
####...###
##.## #.#
#.#
##.######.#


You could see an orc.

Vanquished Creatures
  An adder (D:4)
  A dart slug (D:1)
  2 orcs
  3 endoplasms
  3 goblins (D:1)
  4 hobgoblins
  3 jackals (D:2)
  3 kobolds
  2 quokkas
  4 ball pythons
  3 bats (D:1)
  3 frilled lizards
  3 rats
35 creatures vanquished.

Notes
Turn   | Place    | Note
-------+----------+-------------------------------------------
     0 | D:1      | Malachi the Vampire Enchanter began the quest for the Orb.
     0 | D:1      | Reached XP level 1. HP: 13/13 MP: 3/3
   235 | D:1      | Reached XP level 2. HP: 13/19 MP: 5/5
   313 | D:1      | Learned a level 2 spell: Ensorcelled Hibernation
   665 | D:1      | Found a faded altar of an unknown god.
   696 | D:1      | Reached skill level 5 in Stealth
   713 | D:1      | Became a worshipper of Kikubaaqudgha
   713 | D:1      | Reached * piety under Kikubaaqudgha
   713 | D:1      | Received a gift from Kikubaaqudgha
  1001 | D:2      | Reached skill level 5 in Hexes
  1117 | D:2      | Gained mutation: You are afflicted with vampirism and can
                  | become a bat while bloodless. [Vampire growth]
  1117 | D:2      | Reached XP level 3. HP: 19/24 MP: 4/6
  1152 | D:2      | You fall into a shaft and drop 2 floors!
  1160 | D:4      | Found Irofassihem's Antique Armour Emporium.
  1378 | D:3      | HP: 1/24 [orc (5)]
  1383 | D:3      | Found an ancient bone altar of Kikubaaqudgha.
  1568 | D:3      | Slain by an orc

Illustrated notes

Levels and vault maps discovered:
D:1:      doesnt_arrival_eight_statues, layout_rooms,
          shapermc_ecumenical_altar_notcrosses, serial_park_tiny_2
D:2:      layout_basic, uniq_sigmund, uniq_crazy_yiuf_cottage
D:3:      layout_loops_ring, grunt_temple_overflow_gold_and_silver,
          vehumet_statue, ashenzari_altar_1,
          mainiacjoe_overflow_small_starburst, mainiacjoe_overflow_chevrons
D:4:      layout_cave_pools, mainiacjoe_overflow_24_doors, serial_shops,
          nicolae_shop_statue_plus, nicolae_stop_n_shop_2, grunt_ministairs_3,
          st_stairs_1

Skill      XL: |  1  2 |
---------------+-------+-----
Stealth        | 5 |  5.3
Hexes          | 5 |  5.0
Short Blades   | |  1.7
Dodging        | |  2.9
Spellcasting   | |  2.1

Action                   || total
-------------------------++-------
Melee: Dagger            ||   139
       Bite              ||    13
 Cast: Ensorcelled Hiber ||     7
       Corona            ||     1
 Stab: Sleeping          ||    10
Armor: Robe              ||    23
Dodge: Dodged            ||   100
